 Dungeon Crawl Stone Soup version 0.30.0-19-g36f170ea60 (webtiles) character file.

Game seed: 16351753610664096193

1766 cdecastro the Thaumaturge (level 8, -12/36 (41) HPs)
             Began as a Deep Elf Hedge Wizard on May 28, 2023.
             Was a Believer of Sif Muna.
             Mangled by a wyvern (16 damage)
             ... on level 8 of the Dungeon.
             The game lasted 00:32:55 (8718 turns).

cdecastro the Thaumaturge (Deep Elf Hedge Wizard)   Turns: 8718, Time: 00:32:55

HP:   -12/36 (41)   AC:  5    Str:  7    XL:     8   Next: 79%
MP:   18/23         EV: 13    Int: 22    God:    Sif Muna [**....]
Gold: 257           SH:  0    Dex: 20    Spells: 18/26 levels left

rFire   . . .        L - +2 short sword (elec)
rCold   . . .        (no shield)
rNeg    . . .        b - +0 robe
rPois   .            c - +0 hat
rElec   .            B - scarf {repulsion}
rCorr   .            q - +1 pair of gloves
SInv    +            u - +0 pair of boots
Will    .....        k - amulet of magic regeneration
Stlth   ++           f - +6 ring of dexterity
HPRegen 0.26/turn    t - ring of see invisible
MPRegen 0.58/turn

%: repel missiles
@: heavily drained
A: no striking features
a: Renounce Religion, Channel Magic


You were on level 8 of the Dungeon.
You worshipped Sif Muna.
Sif Muna was pleased with you.
You visited 2 branches of the dungeon, and saw 10 of its levels.

You collected 449 gold pieces.
You spent 192 gold pieces at shops.

Inventory:

Hand Weapons
 s - a +0 dagger of speed
 x - a +0 spear of flaming
 F - a +0 dagger of electrocution
 L - a +2 short sword of electrocution (weapon)
Armour
 b - a +0 robe (worn)
 c - a +0 hat (worn)
 g - an orb of energy
 q - a +1 pair of gloves (worn)
 u - a +0 pair of boots (worn)
 B - a scarf of repulsion (worn)
Magical Staves
 o - a staff of death
Jewellery
 f - a +6 ring of dexterity (left hand)
 k - an amulet of magic regeneration (around neck)
 t - a ring of see invisible (right hand)
 C - a ring of flight
Wands
 l - a wand of mindburst (2)
 p - a wand of polymorph (10)
Scrolls
 e - a scroll of enchant armour {unknown}
 h - 3 scrolls of teleportation {unknown}
 j - 3 scrolls of fear {unknown}
 n - a scroll of noise {unknown}
 y - a scroll of blinking {unknown}
 z - 2 scrolls of poison {unknown}
 A - a scroll of brand weapon {unknown}
 D - 2 scrolls of amnesia {unknown}
 I - a scroll of silence {unknown}
 J - a scroll of magic mapping {unknown}
 K - a scroll of enchant weapon {unknown}
Potions
 a - 2 potions of mutation
 d - 2 potions of magic
 i - 6 potions of heal wounds
 m - a potion of cancellation
 r - a potion of curing
 v - a potion of berserk rage
 w - a potion of attraction
 E - 3 potions of brilliance
 G - a potion of haste
 H - a potion of invisibility {unknown}


   Skills:
 - Level 2.4 Dodging
 - Level 2.4 Stealth
 + Level 9.7 Spellcasting
 - Level 7.0 Conjurations
 - Level 3.0 Summonings
 - Level 1.1 Translocations
 - Level 6.0 Air Magic


You had 18 spell levels left.
You knew the following spells:

 Your Spells              Type           Power      Damage    Failure   Level
a - Magic Dart            Conj           100%       1d8       1%          1
b - Call Imp              Summ           46%        N/A       2%          2
c - Cigotuvi's Dreadful   Necr/Pois/Air  38%        N/A       4%          2
d - Mephitic Cloud        Conj/Pois/Air  29%        N/A       3%          3

Your spell library contained the following spells:

 Spells                   Type           Power      Damage    Failure   Level
 Summon Small Mammal      Summ           92%        N/A       1%          1
 Apportation              Tloc           30%        N/A       4%          1
 Necrotise                Necr           40%        1d6       6%          1
 Slow                     Hex            40%        N/A       6%          1
 Blink                    Tloc           30%        N/A       6%          2
 Alistair's Intoxication  Tmut/Pois      6%         N/A       86%         5


Dungeon Overview and Level Annotations

Branches:
Dungeon (9/15)             Temple (1/1) D:5
   Lair: D:8-11         Orc: D:9-12

Altars:
Ashenzari
Cheibriados
Dithmenos
Elyvilon
Fedhas
Gozag
Hepliaklqana
Kikubaaqudgha
Makhleb
Nemelex Xobeh
Okawaru
Qazlal
Sif Muna
Trog
Uskayaw
Vehumet
Wu Jian
Xom
Zin

Shops:
D:1 [   D:6 (

Annotations:
D:4 exclusion: black bear
D:5 exclusions: black bear and 2 yaks
D:6 3 runed translucent doors, exclusion: ice beast, jasper's ghost, amateur SpEE
D:7 Pikel
D:8 2 transporters, domveit2's ghost, journeyman HOFi


Message History

You hit the wyvern.
The wyvern is moderately wounded.
The wyvern bites you!
Unknown command.
Casting: Cigotuvi's Dreadful Rot (safe; 4% risk of failure)
Confirm with . or Enter, or press ? or * to list all spells.
A tiny devil pulls itself out of the air.
The wyvern closely misses you. The wyvern misses you.
Unknown command.
Casting: Call Imp (safe; 2% risk of failure)
Confirm with . or Enter, or press ? or * to list all spells.
Aiming: Mephitic Cloud (dangerous; 3% risk of failure)
Press: ? - help, Shift-Dir - straight line The ball explodes into a vile cloud!
The stinking cloud engulfs the wyvern but does no damage.
The wyvern is lightly wounded.
The wyvern is engulfed in noxious fumes.
The wyvern appears confused.
The wyvern bites you!
* * * LOW HITPOINT WARNING * * *
Your cerulean imp barely misses the wyvern.
Unknown command.
Aiming: Magic Dart (safe; 1% risk of failure)
Press: ? - help, Q - select action, (/) - cycle Shift-Dir - straight line, f - wyvern
Aim: a wyvern (noxious fumes, lightly wounded, confused, ally target, 100% to hit)
The magic dart hits the wyvern.
The wyvern is moderately wounded.
The wyvern is engulfed in noxious fumes.
The wyvern bites you.
* * * LOW HITPOINT WARNING * * *
The wyvern is engulfed in noxious fumes.
The wyvern appears confused.
The wyvern closely misses you.
Your cerulean imp barely misses the wyvern.
Aiming: Magic Dart (safe; 1% risk of failure)
Press: ? - help, Q - select action, (/) - cycle Shift-Dir - straight line, f/p - wyvern
Aim: a wyvern (noxious fumes, moderately wounded, confused, ally target, 100% to hit)
The magic dart hits the wyvern.
The wyvern is heavily wounded.
The wyvern is engulfed in noxious fumes.
The wyvern appears confused.
The wyvern bites you!
You die...

....#####...# #..#
...##FFK##..# ##.##
..##.###W##..# #..#
.##c...FT.##..##..##
##8~~..c..8##..##..#
#~.#.###.#Q~##..#..##
..~.##..#....##.5...##
K##..o ...#Q#..#...#
#.f#F#.@l○°.#
#.~#o#..○○○..# .
..##..○○°...#
#..##.......### ~8#
.......## . .......##
.......## ........#


You could see a tengu conjurer, a wyvern (confused, ally target), a sleepcap, a
bullfrog, an orc priest and a friendly cerulean imp (summoned).

Vanquished Creatures
  Psyche (D:9)
  Sigmund (D:2)
  A steam dragon (D:7)
  2 orc warriors
  A lemure (D:6)
  A gnoll sergeant (D:7)
  2 scorpions
  3 howler monkeys
  Crazy Yiuf (D:4)
  A jelly (D:7)
  2 orc priests
  4 hounds
  A gnoll bouda (D:5)
  An iguana (D:6)
  Ijyb (D:4)
  A sleepcap (D:6)
  2 orc wizards
  Robin (D:2)
  8 gnolls
  5 adders
  2 shadow imps
  A white imp (D:7)
  3 worms
  A dart slug (D:1)
  12 orcs
  5 endoplasms
  2 giant cockroaches (D:1)
  19 goblins
  12 hobgoblins
  6 jackals
  A quokka (D:1)
  6 ball pythons
  3 bats
  A frilled lizard (D:3)
  10 kobolds
  3 rats
127 creatures vanquished.

Vanquished Creatures (collateral kills)
  A howler monkey (D:9)
  2 gnolls
  An adder (D:4)
  2 orcs
  An endoplasm (D:4)
7 creatures vanquished.

Grand Total: 134 creatures vanquished

Notes
Turn   | Place    | Note
-------+----------+-------------------------------------------
     0 | D:1      | cdecastro the Deep Elf Hedge Wizard began the quest for the
                  | Orb.
     0 | D:1      | Reached XP level 1. HP: 10/10 MP: 7/7
   125 | D:1      | Found Losupepo's Armour Shop.
   261 | D:1      | Reached XP level 2. HP: 15/15 MP: 5/9
  1202 | D:1      | Found a faded altar of an unknown god.
  1734 | D:2      | Learned a level 2 spell: Call Imp
  1737 | D:2      | Learned a level 2 spell: Cigotuvi's Dreadful Rot
  1770 | D:2      | Reached XP level 3. HP: 19/19 MP: 8/10
  1790 | D:2      | Noticed Robin
  2027 | D:2      | Noticed Sigmund
  2628 | D:3      | Found a white marble altar of Elyvilon.
  3005 | D:3      | Found a bloodstained altar of Trog.
  3014 | D:3      | Found a shimmering altar of Xom.
  3081 | D:4      | Reached XP level 4. HP: 24/24 MP: 9/12
  3120 | D:4      | Learned a level 3 spell: Mephitic Cloud
  3126 | D:4      | Found a hazy altar of Hepliaklqana.
  3145 | D:4      | Reached skill level 1 in Air Magic
  3348 | D:4      | Noticed Ijyb
  3436 | D:4      | Found a shadowy altar of Dithmenos.
  3459 | D:4      | HP: 1/21 [disintegration (15)]
  3647 | D:4      | Reached XP level 5. HP: 7/26 MP: 8/13
  3731 | D:4      | Noticed a black bear
  3849 | D:4      | Found a runed translucent door.
  3850 | D:4      | Noticed Crazy Yiuf
  3961 | D:5      | Entered Level 5 of the Dungeon
  4184 | D:5      | Found a staircase to the Ecumenical Temple.
  4193 | Temple   | Entered the Ecumenical Temple
  4193 | Temple   | Found a transporter.
  4193 | Temple   | Found a transporter.
  4195 | Temple   | Found a transporter.
  4195 | Temple   | Found a transporter.
  4215 | Temple   | Became a worshipper of Sif Muna the Loreminder
  4315 | D:5      | Noticed a black bear
  4697 | D:5      | Reached XP level 6. HP: 32/32 MP: 6/14
  4784 | D:5      | Found a broken altar of Ashenzari.
  4890 | D:5      | Reached skill level 5 in Conjurations
  5046 | D:5      | Noticed a yak
  5126 | D:5      | Noticed a yak
  5235 | D:6      | Reached skill level 5 in Spellcasting
  5360 | D:6      | Found Pusuhol's Weapon Shop.
  5483 | D:6      | Found a runed translucent gate.
  5560 | D:6      | Noticed an ice beast
  5579 | D:6      | Found a runed translucent gate.
  5580 | D:6      | Found a runed translucent gate.
  5580 | D:6      | Found an opulent altar of Gozag.
  5582 | D:6      | Noticed jasper's ghost (amateur SpEE)
  5584 | D:6      | Noticed a komodo dragon
  5588 | D:6      | Noticed a troll
  5588 | D:6      | Noticed a two-headed ogre
  5766 | D:6      | Noticed an orc warrior
  5783 | D:6      | Killed an orc warrior
  5784 | D:6      | Reached XP level 7. HP: 36/36 MP: 5/16
  6293 | D:7      | Noticed Pikel
  6609 | D:2      | Killed Sigmund
  6610 | D:2      | Reached skill level 5 in Air Magic
  6659 | D:1      | Bought an orb of energy for 192 gold pieces
  7046 | D:2      | Killed Robin
  7187 | D:4      | Killed Ijyb
  7278 | D:4      | Reached * piety under Sif Muna
  7351 | D:4      | Identified the +4 short sword "Riyreod" {antimagic, Fly}
  7706 | D:4      | Killed Crazy Yiuf
  7877 | D:7      | Reached XP level 8. HP: 41/41 MP: 14/17
  8141 | D:7      | Reached skill level 6 in Spellcasting
  8369 | D:7      | Reached ** piety under Sif Muna
  8376 | D:7      | Reached skill level 7 in Spellcasting
  8541 | D:7      | Reached skill level 8 in Spellcasting
  8607 | D:8      | You fall into a shaft and drop 1 floor!
  8610 | D:9      | Noticed Psyche
  8626 | D:9      | Killed Psyche
  8627 | D:9      | Reached skill level 9 in Spellcasting
  8677 | D:8      | Found a transporter.
  8679 | D:8      | Found a transporter.
  8681 | D:8      | Noticed a tengu conjurer
  8682 | D:8      | Noticed domveit2's ghost (journeyman HOFi)
  8685 | D:8      | Noticed a troll
  8718 | D:8      | Mangled by a wyvern

Illustrated notes

Levels and vault maps discovered:
D:1:      dpeg_arrival_solitude, layout_loops_corners, serial_shops,
          nicolae_shop_tiny_real_fake_doors,
          shapermc_ecumenical_altar_mp_highgroup
D:2:      layout_basic, uniq_sigmund, uniq_robin
D:3:      layout_basic, mainiacjoe_overflow_big_doors, elyvilon_altar_5,
          nicolae_figureground_pulse
D:4:      corexii_shantytown, layout_rooms, general_overflow_altar,
          amcnicky_altar_gilded, minmay_misc_feat_tiny, uniq_crazy_yiuf_cottage,
          uniq_ijyb
D:5:      layout_gridville, ashenzari_altar_1, minmay_temple_entry_junction_2
D:6:      layout_gridville, ebering_ghost_gozag, serial_shops, shop
D:7:      layout_rooms, hangedman_decor_riveting, nicolae_underground_beach,
          uniq_pikel
D:8:      layout_cave_pods, nzn_ghost_randoct
D:9:      layout_long_grid, nicolae_ru_sacrificial_ziggurat,
          grunt_temple_overflow_holy_war, palyth_stone_intersect, uniq_psyche
Temple:   hellmonk_temple_divided_pantheon

Skill      XL: |  1  2  3  4  5  6  7  8 |
---------------+-------------------------+-----
Conjurations   | 2 3 4 6 7 |  7.0
Summonings     | 2 3 |  3.0
Air Magic      | 2 3 4 5 6 |  6.0
Spellcasting   | 5 9 |  9.7
Dodging        | |  2.4
Stealth        | |  2.4
Translocations | |  1.1

Action                     |  1- 3 |  4- 6 |  7- 9 || total
---------------------------+-------+-------+-------++-------
  Melee: Dagger            |     2 |       |     1 ||     3
         Spear             |       |       |     2 ||     2
         Short sword       |       |       |     3 ||     3
   Cast: Magic Dart        |    92 |   178 |   219 ||   489
         Call Imp          |     4 |    17 |    14 ||    35
         Cigotuvi's Dreadf |       |     1 |     1 ||     2
         Mephitic Cloud    |       |     1 |    22 ||    23
    Use: Scroll            |       |       |     8 ||     8
   Stab: Confused          |       |       |     1 ||     1
         Sleeping          |       |       |     1 ||     1
 Armour: Robe              |     5 |    16 |    11 ||    32
  Dodge: Dodged            |    10 |    54 |    61 ||   125
